 Dungeon Crawl Stone Soup version 0.30-a0-728-gc68057be0a (webtiles) character file.

Game seed: 2931995411930264035

4107 LegionMG the Covert (level 10, -6/65 HPs)
             Began as a Kobold Berserker on Jan 30, 2023.
             Was an Elder of Trog.
             Killed from afar by an efreet (26 damage)
             ... with a fireball
             ... on level 9 of the Dungeon.
             The game lasted 00:50:22 (8771 turns).

LegionMG the Covert (Kobold Berserker)              Turns: 8771, Time: 00:50:23

Health: -6/65      AC: 12    Str: 15    XL:     10   Next: 50%
Magic:  10/10      EV: 18    Int:  8    God:    Trog [****..]
Gold:   516        SH:  5    Dex: 19    Spells: 9/9 levels left

rFire   . . .      SeeInvis .    v - +3 scimitar
rCold   . . .      Faith    .    d - +0 buckler
rNeg    . . .      Spirit   .    F - +0 steam dragon scales
rPois   +          Reflect  .    (no helmet)
rElec   +          Harm     .    (no cloak)
rCorr   .          Rampage  .    k - +2 pair of gloves
Will    .....                    (no boots)
Stlth   ++++++                   (no amulet)
HPRegen 0.30/turn                e - ring of poison resistance
MPRegen 0.12/turn                A - +4 ring of protection

@: studying Fighting
A: small, no large weapons, nightstalker 3, electricity resistance, MP-powered
wands
a: Renounce Religion, Berserk, Trog's Hand, Brothers in Arms


You were on level 9 of the Dungeon.
You worshipped Trog.
Trog was greatly pleased with you.
You visited 1 branch of the dungeon, and saw 9 of its levels.

You collected 516 gold pieces.

Inventory:

Hand Weapons
 i - a +1 short sword of electrocution
 m - a +0 sling
 t - a +0 dagger of draining
 u - a +2 dagger of speed
 v - a +3 scimitar (weapon)
 x - a +5 hand axe
Missiles
 f - 50 stones
 j - 2 throwing nets
 o - 9 poisoned darts
Armour
 a - a +1 pair of gloves
 d - a +0 buckler (worn)
 k - a +2 pair of gloves (worn)
 w - a +1 robe
 F - +0 steam dragon scales (worn)
Jewellery
 e - a ring of poison resistance (left hand)
 s - a ring of magical power
 A - a +4 ring of protection (right hand)
 E - a ring of protection from cold
Wands
 c - a wand of flame (1)
 h - a wand of mindburst (7)
 y - a wand of iceblast (11)
 G - a wand of paralysis (6)
Scrolls
 l - a scroll of fog
 n - 4 scrolls of identify (quivered)
 r - 3 scrolls of teleportation
Potions
 b - 2 potions of mutation
 g - 3 potions of flight
 p - a potion of haste
 q - a potion of cancellation
 z - 2 potions of curing
 B - a potion of berserk rage
 C - 2 potions of heal wounds
 D - a potion of attraction


   Skills:
 * Level 8.6 Fighting
 - Level 9.9(10.1) Short Blades
 * Level 2.0(4.4) Long Blades
 + Level 0.2 Axes
 + Level 1.6 Armour
 + Level 7.2 Dodging
 + Level 12.2 Stealth
 + Level 2.0 Shields


You had 9 spell levels left.
You didn't know any spells.
Your spell library contained the following spells:

 Spells                   Type           Power      Damage    Failure   Level
 Magic Dart               Conj           0%         1d3       54%         1
 Sting                    Tmut/Pois      0%         1d3       54%         1
 Tukima's Dance           Hex            0%         N/A       89%         3
 Passage of Golubria      Tloc           0%         N/A       100%        4
 Petrify                  Tmut/Erth      0%         N/A       100%        4
 Metabolic Englaciation   Hex/Ice        0%         N/A       100%        5
 Yara's Violent Unravell  Hex/Tmut       0%         3d3       100%        5
 Eringya's Noxious Bog    Tmut/Pois      0%         N/A       100%        6
 Statue Form              Tmut/Erth      0%         N/A       100%        6
 Chain Lightning          Conj/Air       0%         N/A       100%        9


Dungeon Overview and Level Annotations

Branches:
Dungeon (9/15)             Temple (0/1) D:7
   Lair: D:8-11         Orc: D:9-12

Altars:
Cheibriados
Makhleb
Nemelex Xobeh
Okawaru
Qazlal
Ru
Sif Muna
Vehumet

Shops:
D:5 [


Innate Abilities, Weirdness & Mutations

You are small and have problems with some larger weapons.
You are completely attuned to the shadows.
You are resistant to electric shocks. (rElec)
You expend magic power (3 MP) to strengthen your wands.


Message History

You kill the steam dragon!
Trog accepts your kill.
The steam dragon scales are intact enough to wear.
Things that are here:
+0 steam dragon scales; a steam dragon corpse F - +0 steam dragon scales You start removing your armour.
You continue taking off your +1 robe. x4
You finish taking off your +1 robe.
You start putting on your armour.
You continue putting on your +0 steam dragon scales. x5
You finish putting on your +0 steam dragon scales.
A wyvern comes into view.
The helpless wyvern fails to defend itself.
You slice the wyvern!!
You kill the wyvern!
Trog accepts your kill.
Your base Long Blades skill increases to level 2!
You now have 516 gold pieces (gained 16).
G - a wand of paralysis (6)
Found a robe.
An efreet comes into view.
It is wielding a +3 scimitar of flaming.
Found 3 scrolls of identify.
You barely miss the efreet. The efreet misses you.
You slash the efreet!
The efreet is moderately wounded.
The efreet gestures at you.
The fireball explodes!
The fireball engulfs you!
The fireball engulfs the efreet.
The efreet completely resists.
You hit the efreet but do no damage.
The efreet is moderately wounded.
The efreet hits you with a +3 scimitar of flaming!
The efreet burns you.
You hit the efreet.
The efreet is heavily wounded.
The efreet gestures at you.
The fireball explodes!
The fireball engulfs you!!
The fireball engulfs the efreet.
The efreet completely resists.
The efreet gestures at you.
The fireball explodes!
The fireball engulfs you!!
You die...

........
..?.... ......
....R# ####
#@## ####..# .
#..####.....##
.
##.#.........#
# #...........#
#
#[...........##
............##
...........##
## ..........##
###. ......###
###...


You could see an efreet.

Vanquished Creatures
  A gargoyle (D:6)
  Sigmund (D:4)
  A yak (D:6)
  3 wyverns
  A steam dragon (D:9)
  Edmund (D:6)
  3 water moccasins
  3 ice beasts
  A black bear (D:6)
  4 centaurs
  The ghost of glosham the Sneak, an amateur KoHW (D:4)
  2 bullfrogs
  3 necrophages
  5 scorpions
  4 wights
  3 howler monkeys (D:7)
  A crimson imp (D:4)
  3 hounds
  3 orc priests
  2 gnoll boudas (D:8)
  2 iguanas
  4 orc wizards
  12 gnolls
  13 adders
  3 shadow imps
  4 white imps
  An ufetubus (D:6)
  A worm (D:3)
  4 dart slugs
  22 orcs
  4 ball pythons
  5 endoplasms
  6 giant cockroaches
  8 hobgoblins
  3 jackals (D:4)
  4 quokkas
  3 bats (D:1)
  11 frilled lizards
  9 goblins
  A hobgoblin zombie (D:8)
  5 kobolds
  3 rats
174 creatures vanquished.

Vanquished Creatures (others)
  3 plants (D:1)
3 creatures vanquished.

Grand Total: 177 creatures vanquished

Notes
Turn   | Place    | Note
-------+----------+-------------------------------------------
     0 | D:1      | LegionMG the Kobold Berserker began the quest for the Orb.
     0 | D:1      | Reached XP level 1. HP: 14/14 MP: 1/1
   207 | D:1      | Reached XP level 2. HP: 19/19 MP: 2/2
   343 | D:1      | Reached XP level 3. HP: 23/23 MP: 3/3
   405 | D:1      | Reached skill level 1 in Stealth
   406 | D:1      | Reached ** piety under Trog
  1003 | D:2      | Reached skill level 2 in Stealth
  1003 | D:2      | Reached XP level 4. HP: 23/28 MP: 4/4
  2098 | D:3      | Found a snail-covered altar of Cheibriados.
  2189 | D:3      | Reached skill level 3 in Stealth
  2253 | D:3      | Reached XP level 5. HP: 33/33 MP: 5/5
  2329 | D:3      | Reached skill level 1 in Long Blades
  2437 | D:3      | Reached skill level 5 in Short Blades
  2739 | D:3      | Reached XP level 6. HP: 33/38 MP: 6/6
  2880 | D:4      | Reached skill level 4 in Stealth
  2942 | D:4      | Noticed Sigmund
  2945 | D:4      | Killed Sigmund
  2946 | D:4      | Reached XP level 7. HP: 35/44 MP: 7/7
  3049 | D:4      | Reached *** piety under Trog
  3050 | D:4      | Reached skill level 5 in Stealth
  3264 | D:4      | Found a radiant altar of Vehumet.
  3264 | D:4      | Found a burning altar of Makhleb.
  3684 | D:4      | Found a runed translucent door.
  3691 | D:4      | Noticed glosham's ghost (amateur KoHW)
  3711 | D:4      | Killed glosham's ghost
  3712 | D:4      | Reached skill level 6 in Stealth
  3712 | D:4      | Reached XP level 8. HP: 39/48 MP: 8/8
  3778 | D:4      | Gained mutation: You are resistant to electric shocks.
                  | (rElec) [potion of mutation]
  3778 | D:4      | Gained mutation: You expend magic power (3 MP) to
                  | strengthen your wands. [potion of mutation]
  3778 | D:4      | Gained mutation: You are dopey. (Int -2) [potion of
                  | mutation]
  3778 | D:4      | Lost mutation: You are dopey. (Int -2) [potion of mutation]
  3835 | D:5      | Entered Level 5 of the Dungeon
  3928 | D:5      | Found Unuvoito's Antique Armour Boutique.
  4149 | D:5      | Reached skill level 7 in Stealth
  4867 | D:6      | Reached skill level 5 in Fighting
  4867 | D:6      | Reached skill level 8 in Stealth
  5019 | D:6      | Noticed Edmund
  5023 | D:6      | Killed Edmund
  5043 | D:6      | Reached XP level 9. HP: 54/54 MP: 9/9
  5052 | D:6      | Found a sacrificial altar of Ru.
  5095 | D:6      | Reached skill level 5 in Dodging
  5236 | D:6      | Reached skill level 9 in Stealth
  5482 | D:6      | Reached skill level 10 in Stealth
  5841 | D:6      | Found a sparkling altar of Nemelex Xobeh.
  6200 | D:6      | Noticed a gargoyle
  6211 | D:6      | Killed a gargoyle
  6212 | D:6      | Reached skill level 1 in Shields
  6423 | D:7      | Found a staircase to the Ecumenical Temple.
  6689 | D:7      | Reached skill level 11 in Stealth
  6749 | D:7      | Reached XP level 10. HP: 48/61 MP: 10/10
  6846 | D:7      | Found an iron altar of Okawaru.
  7109 | D:7      | Identified a scroll of acquirement
  7110 | D:7      | Acquired a manual of Fighting
  7275 | D:7      | Found a stormy altar of Qazlal.
  7495 | D:8      | Got Sif Muna's Compendium of the Virous Shot
  7535 | D:8      | Found a shimmering blue altar of Sif Muna.
  7553 | D:8      | Identified the +1 spear of Joukk {heavy, +Blink rF+ Dex+4
                  | Stlth+}
  7605 | D:8      | Reached **** piety under Trog
  7650 | D:8      | Reached skill level 12 in Stealth
  7946 | D:8      | Found a sand-covered staircase.
  8766 | D:9      | Noticed an efreet
  8771 | D:9      | Killed from afar by an efreet

Illustrated notes

Levels and vault maps discovered:
D:1:      co_arrival_hexagon_in_a_hexagon, layout_basic, minmay_lizard_king
D:2:      cheibrodos_old_hovel, layout_loops_corners, serial_park_tiny_pond,
          nicolae_hexahallways
D:3:      layout_basic, slow_altar_2
D:4:      layout_loops_ring, grunt_temple_overflow_lords_of_destruction,
          ebering_ghost_sewer_d, uniq_sigmund
D:5:      layout_loops_ring, serial_shops, shop, columned_hall_lemuel
D:6:      layout_cave_pods, mainiacjoe_overflow_surrounded_room,
          mainiacjoe_overflow_24_doors, minmay_three_doors, uniq_edmund
D:7:      layout_loops_cross, mainiacjoe_overflow_paths,
          nicolae_qazlal_eye_of_the_storm, minmay_temple_entry_junction,
          kennysheep_generic_room_6
D:8:      layout_cave_pools, led_sif_book, enter_ossuary_3, grunt_ministairs_6,
          glass_columns_b, supply_closet_lemuel
D:9:      layout_cave_pods

Skill      XL: |  1  2  3  4  5  6  7  8  9 10 |
---------------+-------------------------------+-----
Dodging        | 3 4 6 7 |  7.2
Stealth        | 2 3 4 6 8 11 12 | 12.2
Long Blades    | 1 2 |  2.0
Short Blades   | 5 6 7 9 |  9.9
Fighting       | 4 5 6 8 |  8.6
Shields        | 1 2 |  2.0
Axes           | |  0.2
Armour         | |  1.6

Action                     |  1- 3 |  4- 6 |  7- 9 | 10-12 || total
---------------------------+-------+-------+-------+-------++-------
  Melee: Short sword       |    87 |    78 |   136 |       ||   301
         Falchion          |    15 |    58 |       |       ||    73
         Punch             |       |     1 |       |       ||     1
         Scimitar          |       |       |    84 |    99 ||   183
         Hand axe          |       |       |       |    12 ||    12
 Invoke: Berserk           |       |     1 |     5 |     1 ||     7
    Use: Scroll            |     2 |     8 |     5 |     7 ||    22
         Potion            |     2 |     2 |     4 |     1 ||     9
   Stab: Sleeping          |     6 |    16 |    32 |    11 ||    65
         Distracted        |     1 |       |     1 |       ||     2
 Armour: Robe              |    21 |    15 |    19 |    54 ||   109
  Dodge: Dodged            |    76 |    90 |   121 |   129 ||   416
  Block: Buckler           |       |       |    23 |    34 ||    57

Table legend: (Time is in decaauts)
 A = Elapsed time spent in this place.
 B = Non-inter-level travel time spent in this place.
 C = Inter-level travel time spent in this place.
 D = Time resting spent in this place.
 E = Time spent auto-exploring this place.
 F = Levels seen in this place.
 G = Mean time per level.
                   A        B        C        D        E       F      G
               +--------+--------+--------+--------+--------+-----+--------+
         Total |   8815 |   8510 |    305 |    847 |   5774 |   9 |  979.4 |
       Dungeon |   8815 |   8510 |    305 |    847 |   5774 |   9 |  979.4 |
               +--------+--------+--------+--------+--------+-----+--------+

Top non-repeatable levels by time:
     D:6: 1678 daAuts
     D:2: 1245 daAuts
     D:4: 1025 daAuts
     D:8: 973 daAuts
     D:7: 908 daAuts
     D:5: 899 daAuts
     D:3: 858 daAuts
     D:1: 694 daAuts
     D:9: 532 daAuts
